[Event "Titled Tuesday Blitz March 21 Late 2023"]
[White "Krzywda, Andrzej"]
[Black "Hajiyev, Kanan"]
[WhiteFideId "1114565"]
[BlackFideId "13404148"]
[WhiteElo "2155"]
[BlackElo "2103"]
[Result "1-0"]
[Round "04"]
[TimeControl "180+2"]
[Date "2023.03.21"]
[WhiteClock "0:00:29"]
[BlackClock "0:00:01"]

1. d4 d5 2. c4 c6 3. cxd5 cxd5 4. Bf4 Nf6 5. e3 g6 6. Nf3 Bg7 7. Bd3 O-O 8. O-O Qb6 9. Qe2 Nc6 10. Nc3 Bf5 11. Bxf5 gxf5 12. h3 e6 13. Ne1 Rac8 14. Nd3 Ne4 15. Rac1 Qa6 16. a3 h6 17. Rfd1 Kh7 18. g4 Rg8 19. Kh2 Ne7 20. Na2 Bf6 21. f3 Ng6 22. Rxc8 Rxc8 23. fxe4 fxe4 24. Ndc1 Qxe2+ 25. Nxe2 Rc2 26. Nc3 Rxb2 27. Bb8 e5 28. Bxa7 Bg5 29. dxe5 Nxe5 30. Kg3 Nd3 31. Nf4 Bxf4+ 32. exf4 Rb3 33. Bd4 Rxa3 34. Rb1 b5 35. Rxb5 h5 36. Rb7 Kg8 37. gxh5 Ra1 38. Rb8+ Kh7 39. Rh8# 1-0


[Site "https://www.chess.com"]

[Event "Titled Tuesday Blitz March 21 Late 2023"]
[White "ArtemDyachuk"]
[Black "Petukhov, Dmitry"]
[BlackFideId "4142748"]
[WhiteElo "2368"]
[BlackElo "2311"]
[Result "0-1"]
[Round "04"]
[TimeControl "180+2"]
[Date "2023.03.21"]
[WhiteClock "0:00:01"]
[BlackClock "0:01:04"]

1. Nf3 Nf6 2. c4 g6 3. Nc3 d5 4. cxd5 Nxd5 5. g3 Bg7 6. Bg2 O-O 7. O-O c5 8. Qb3 Nxc3 9. bxc3 Nc6 10. Bb2 b6 11. d4 Be6 12. Qa4 Bd5 13. e3 e5 14. c4 Be4 15. d5 Nb4 16. Nxe5 Bxg2 17. Kxg2 Re8 18. Nc6 Nxc6 19. Bxg7 Kxg7 20. Qxc6 Qe7 21. d6 Qe4+ 22. Qxe4 Rxe4 23. Rac1 Rd8 24. Rfd1 Re6 25. Rd5 Rexd6 26. Rcd1 Rxd5 27. cxd5 f5 28. g4 fxg4 29. Kg3 h5 30. e4 Kf6 31. f4 gxf3 32. Kf4 g5+ 33. Kxf3 Ke5 34. Ke3 Rd6 35. Rf1 Rf6 36. Rd1 Rf4 37. d6 Rxe4+ 38. Kf3 Rf4+ 39. Ke3 Rf8 40. d7 Rd8 41. h4 gxh4 42. Rg1 Rxd7 43. Rg5+ Kd6 44. Rxh5 Rg7 45. Rh6+ Kd5 46. Rxh4 Rg3+ 47. Kf4 Ra3 48. Rh5+ Kc4 49. Rh2 Kd4 50. Rd2+ Kc3 51. Rh2 Ra4+ 52. Ke5 Rd4 53. Rh7 a5 54. Rb7 Rb4 55. Kd5 Kb2 56. a3 Kxa3 57. Kc6 c4 0-1


[Site "https://www.chess.com"]

[Event "Titled Tuesday Blitz March 21 Late 2023"]
[White "Karas, Marek"]
[Black "Hindermann, Felix"]
[WhiteFideId "14928558"]
[BlackFideId "1305212"]
[WhiteElo "2233"]
[BlackElo "2206"]
[Result "0-1"]
[Round "04"]
[TimeControl "180+2"]
[Date "2023.03.21"]
[WhiteClock "0:00:02"]
[BlackClock "0:00:58"]

1. d4 e6 2. c4 b6 3. Nf3 Bb7 4. a3 f5 5. Nc3 Nf6 6. Bg5 h6 7. Bf4 d6 8. e3 g5 9. Bg3 Nbd7 10. Bd3 Bg7 11. d5 exd5 12. Bxf5 dxc4 13. Bg6+ Kf8 14. h4 g4 15. Nd4 Nc5 16. O-O h5 17. Na4 Qd7 18. Nxc5 bxc5 19. Nf5 Be4 20. Nxg7 Bxg6 21. e4 Kxg7 22. e5 Ne4 23. Qc1 Raf8 24. exd6 cxd6 25. Qxc4 d5 26. Qc1 d4 27. Kh2 Nxg3 28. fxg3 Qd6 29. Re1 Re8 30. Qg5 Rhf8 31. Rf1 d3 32. Rae1 Rxe1 33. Rxe1 d2 34. Rd1 Rf2 35. Qe3 Qd4 36. Qe7+ Rf7 37. Qg5 Rd7 0-1


[Site "https://www.chess.com"]

[Event "Titled Tuesday Blitz March 21 Late 2023"]
[White "Wizard_of_Odds"]
[Black "Vovk, Orest"]
[BlackFideId "14113490"]
[WhiteElo "2355"]
[BlackElo "2215"]
[Result "0-1"]
[Round "04"]
[TimeControl "180+2"]
[Date "2023.03.21"]
[WhiteClock "0:00:04"]
[BlackClock "0:00:39"]

1. d4 h6 2. e4 g5 3. h4 g4 4. Qxg4 d5 5. Qe2 dxe4 6. Qxe4 Nf6 7. Qd3 Nc6 8. Nf3 Bg4 9. c3 Qd5 10. Be2 O-O-O 11. Na3 e5 12. dxe5 Bxa3 13. bxa3 Qxd3 14. Bxd3 Rxd3 15. exf6 Bxf3 16. gxf3 Rxc3 17. Be3 Rxa3 18. Rg1 Ne5 19. Ke2 Re8 20. Rg7 Nc4 21. Rxf7 Nxe3 22. fxe3 Rexe3+ 23. Kd2 Rxf3 24. Ke2 Rae3+ 25. Kd2 Re6 26. Rg1 b6 27. Rgg7 Rc6 28. Rf8+ Kb7 29. f7 Rcf6 30. h5 a5 31. a4 R3f4 32. Ke3 Rxa4 33. Rg6 Raf4 34. Rxf6 Rxf6 35. Ke4 a4 36. Ke5 Rf1 37. Ke6 a3 38. Rg8 a2 39. f8=Q Rxf8 40. Rxf8 a1=Q 41. Rf5 Qg7 42. Rf7 Qg4+ 43. Rf5 b5 44. Kf6 Qxf5+ 45. Kxf5 b4 46. Ke4 c5 47. Kd5 b3 48. Kxc5 b2 0-1


[Site "https://www.chess.com"]

[Event "Titled Tuesday Blitz March 21 Late 2023"]
[White "Mayaud, Raphael"]
[Black "Omelja, Artem"]
[WhiteFideId "627151"]
[BlackFideId "14119846"]
[WhiteElo "2191"]
[BlackElo "2404"]
[Result "0-1"]
[Round "04"]
[TimeControl "180+2"]
[Date "2023.03.21"]
[WhiteClock "0:00:03"]
[BlackClock "0:00:10"]

1. d4 Nf6 2. Bg5 Ne4 3. Bf4 d5 4. e3 Nd7 5. Bd3 Ndf6 6. Nf3 h6 7. h3 b6 8. O-O Bb7 9. c4 e6 10. Nc3 Be7 11. Rc1 O-O 12. cxd5 exd5 13. Bxc7 Qxc7 14. Nxe4 Qd8 15. Nxf6+ Bxf6 16. Qa4 Qd6 17. Rc2 Rfc8 18. Rfc1 Rxc2 19. Rxc2 a6 20. a3 b5 21. Qb3 Be7 22. Ne5 f6 23. Ng6 Bd8 24. Nf4 Bb6 25. Rc1 Bxd4 26. Bb1 Be5 27. Qd3 Bxf4 28. Qh7+ Kf8 29. exf4 d4 30. Bg6 Bd5 31. Qh8+ Bg8 32. Bh7 Kf7 33. Bxg8+ Rxg8 34. Qh7 Qxf4 35. Re1 Qd6 36. Qe4 Rd8 37. Qh7 Qd7 38. Qe4 Re8 39. Qb1 Rxe1+ 40. Qxe1 d3 41. Qd2 Qd5 42. g3 Qc4 43. Kh2 Qc2 44. Qe3 d2 45. Qa7+ Kg6 46. h4 d1=Q 47. h5+ Kh7 0-1


[Site "https://www.chess.com"]

[Event "Titled Tuesday Blitz March 21 Late 2023"]
[White "Janaszak, Dawid"]
[Black "Bhavikatti, Neil"]
[WhiteFideId "1119206"]
[BlackFideId "30935024"]
[WhiteElo "2220"]
[BlackElo "2354"]
[Result "1-0"]
[Round "04"]
[TimeControl "180+2"]
[Date "2023.03.21"]
[WhiteClock "0:01:46"]
[BlackClock "0:01:44"]

1. e4 e5 2. Nf3 Nc6 3. d4 exd4 4. Nxd4 Nf6 5. Nxc6 bxc6 6. e5 Qe7 7. Qe2 Nd5 8. h4 d6 9. c4 Ba6 10. Bg5 Qe6 11. cxd5 Bxe2 12. dxe6 Bxf1 13. exf7+ Kxf7 14. Kxf1 dxe5 15. Nc3 h6 16. Be3 Rb8 17. b3 c5 18. Rc1 c4 19. bxc4 Ba3 20. Rc2 Rhd8 21. Ke2 a6 22. Rd1 c6 23. Rcd2 Rxd2+ 24. Rxd2 Ke7 25. Ne4 Bb4 26. Bc5+ Bxc5 27. Nxc5 Rb4 28. Rd7+ Kf6 29. Kd3 Rb2 30. a4 a5 31. Rd6+ Kf5 32. Ke3 Rc2 33. f3 Rxc4 34. g4+ 1-0


[Site "https://www.chess.com"]

[Event "Titled Tuesday Blitz March 21 Late 2023"]
[White "Molenda, Marcin"]
[Black "Abduzhaparov"]
[WhiteFideId "1173065"]
[WhiteElo "2286"]
[BlackElo "2345"]
[Result "0-1"]
[Round "04"]
[TimeControl "180+2"]
[Date "2023.03.21"]
[WhiteClock "0:00:01"]
[BlackClock "0:00:15"]

1. e4 d6 2. d4 Nf6 3. Nc3 e5 4. Nf3 Nbd7 5. Bc4 Be7 6. O-O O-O 7. a4 c6 8. a5 Qc7 9. h3 Rb8 10. Re1 b5 11. axb6 axb6 12. d5 b5 13. Bf1 b4 14. dxc6 bxc3 15. cxd7 Bxd7 16. bxc3 Qxc3 17. Ra7 Qc5 18. Be3 Qc6 19. Bg5 Bd8 20. Bxf6 Bxf6 21. Bc4 Bxh3 22. Bxf7+ Rxf7 23. Rxf7 Kxf7 24. gxh3 Rb2 25. Re2 Qb6 26. Kg2 Ke7 27. Nd2 Qb5 28. Nb3 Rb1 29. Qd2 h6 30. Kf3 Bg5 31. Qc3 Rh1 32. Qc7+ Qd7 33. Qxd7+ Kxd7 34. Kg2 Rb1 35. Na5 Bf4 36. Nc4 Kc6 37. Na5+ Kb6 38. Nb3 Kb5 39. Kf3 Kb4 40. Kg4 g6 41. Nd2 Rh1 42. Nf3 h5+ 43. Kh4 g5+ 44. Nxg5 Bxg5+ 45. Kxg5 Rxh3 46. Rd2 Kc5 47. Kf5 Rf3+ 48. Kg5 Rf4 49. Kxh5 Rxe4 50. Kg5 Rf4 0-1


[Site "https://www.chess.com"]

[Event "Titled Tuesday Blitz March 21 Late 2023"]
[White "Korkmaz, Necmettin"]
[Black "Fernandez Siles, Luis"]
[WhiteFideId "6303285"]
[BlackFideId "2209420"]
[WhiteElo "2097"]
[BlackElo "2186"]
[Result "0-1"]
[Round "04"]
[TimeControl "180+2"]
[Date "2023.03.21"]
[WhiteClock "0:01:42"]
[BlackClock "0:00:35"]

1. e4 c5 2. Nc3 Nc6 3. f4 g6 4. Nf3 Bg7 5. Bb5 Nd4 6. O-O Nxb5 7. Nxb5 d5 8. exd5 a6 9. Nc3 Nf6 10. d4 Nxd5 11. dxc5 Nxc3 12. Qxd8+ Kxd8 13. bxc3 Bxc3 14. Rd1+ Kc7 15. Rb1 Bf5 16. Bd2 Bxd2 17. Rxd2 Rhd8 18. Re2 Rd7 19. Ne5 Rd5 20. Nxf7 e6 21. Nd6 Rxc5 22. Nxf5 exf5 23. Re7+ Kd6 24. Rbxb7 Rxc2 25. Rbd7+ Kc6 26. Rc7+ Kd6 27. Red7+ Ke6 28. Rxh7 Rxa2 29. Rc6+ Kd5 30. Rxg6 Ke4 31. h4 Kxf4 32. h5 Rc8 33. h6 Rc1+ 34. Kh2 Raa1 35. g4 Ra2+ 36. Kh3 Rc3+ 37. Kh4 Rh2# 0-1


[Site "https://www.chess.com"]

[Event "Titled Tuesday Blitz March 21 Late 2023"]
[White "Ben Artzi, Ido"]
[Black "Pniaczek, Marek"]
[WhiteFideId "2810913"]
[BlackFideId "21800421"]
[WhiteElo "2204"]
[BlackElo "2138"]
[Result "0-1"]
[Round "04"]
[TimeControl "180+2"]
[Date "2023.03.21"]
[WhiteClock "0:01:35"]
[BlackClock "0:02:20"]

1. d4 Nf6 2. c4 e6 3. Nc3 Bb4 4. e3 d5 5. a3 Bxc3+ 6. bxc3 c6 7. Bd3 O-O 8. Ne2 b6 9. O-O Ba6 10. cxd5 cxd5 11. f3 Bxd3 12. Qxd3 Nc6 13. e4 Na5 14. e5 Nd7 15. f4 f5 16. exf6 Nxf6 17. Ng3 Nc4 18. Ra2 Qd7 19. Re2 Rae8 20. Rfe1 Nd6 21. a4 Nde4 22. Ba3 Rf7 23. Nxe4 Nxe4 24. Qb5 Nxc3 0-1


[Site "https://www.chess.com"]

[Event "Titled Tuesday Blitz March 21 Late 2023"]
[White "K2JW"]
[Black "Papayan, Oleg"]
[BlackFideId "4193911"]
[WhiteElo "2340"]
[BlackElo "2153"]
[Result "0-1"]
[Round "04"]
[TimeControl "180+2"]
[Date "2023.03.21"]
[WhiteClock "0:00:13"]
[BlackClock "0:00:11"]

1. d4 Nf6 2. c4 e6 3. Nf3 d5 4. Nc3 c5 5. cxd5 Nxd5 6. e4 Nxc3 7. bxc3 cxd4 8. cxd4 Bb4+ 9. Bd2 Bxd2+ 10. Qxd2 O-O 11. Bc4 Nd7 12. O-O b6 13. Rad1 Bb7 14. Rfe1 Rc8 15. Bb3 Nf6 16. d5 exd5 17. exd5 Qd6 18. Nh4 g6 19. Re3 Bxd5 20. Rd3 Rfd8 21. Qg5 h6 22. Rxd5 hxg5 23. Rxd6 Rxd6 24. Rxd6 Rc1+ 25. Bd1 gxh4 26. f3 Kf8 27. Kf2 Ke7 28. Rd2 g5 29. Bb3 Rc5 30. Re2+ Kf8 31. Rd2 Rc7 32. Rd4 Kg7 33. f4 g4 34. Rd3 Rd7 35. Re3 Nd5 36. Rd3 Nf6 37. Rxd7 Nxd7 38. Bd1 f5 39. Ke3 Kf6 40. Bc2 Nc5 41. g3 h3 42. Kd4 Ke6 43. a3 a5 44. Ke3 b5 45. Kd4 Nb7 46. Bb3+ Kd6 47. Bc2 Ke6 48. Bb3+ Kf6 49. Kd5 b4 50. Kc6 Nd8+ 51. Kd7 Nf7 52. Kc6 bxa3 53. Kb5 Nd6+ 54. Kxa5 Ne4 55. Ka4 Nxg3 56. hxg3 h2 57. Bd5 a2 58. Bxa2 h1=Q 59. Bd5 Qg1 60. Kb5 Qf2 61. Kc6 Qe3 62. Kd6 Qxg3 63. Kd7 Qh4 64. Kc6 Qg3 65. Kd6 Qf2 66. Be6 Qxf4+ 67. Kd7 Qe3 68. Bd5 f4 69. Kc6 Qe5 0-1


[Site "https://www.chess.com"]

[Event "Titled Tuesday Blitz March 21 Late 2023"]
[White "Goncalves, Davi Sulzbacher"]
[Black "Bogaudinov, Rushan"]
[WhiteFideId "2154510"]
[BlackFideId "4129288"]
[WhiteElo "2182"]
[BlackElo "1949"]
[Result "1-0"]
[Round "04"]
[TimeControl "180+2"]
[Date "2023.03.21"]
[WhiteClock "0:00:30"]
[BlackClock "0:00:02"]

1. Nf3 d5 2. c4 dxc4 3. e3 c5 4. Bxc4 e6 5. O-O Nf6 6. b3 Be7 7. Bb2 O-O 8. Nc3 a6 9. a4 Nc6 10. d4 cxd4 11. exd4 Nb4 12. Ne5 Bd7 13. f4 Bc6 14. f5 exf5 15. Rxf5 Nbd5 16. Nxd5 Bxd5 17. Qe2 Rc8 18. Raf1 b5 19. axb5 axb5 20. Bxb5 Bxb3 21. Nc6 Rxc6 22. Bxc6 Qb6 23. Qb5 Qxb5 24. Bxb5 Be6 25. R5f3 Rb8 26. d5 Nxd5 27. Ra3 h5 28. Ra5 Bb4 29. Be5 Bxa5 30. Bxb8 Bb6+ 31. Kh1 Nf6 32. Be2 Ng4 33. Bxg4 Bxg4 34. h3 Be6 35. Be5 Be3 36. Re1 Bf2 37. Rb1 Kh7 38. Rb7 Kg6 39. Rb2 Be3 40. Bc3 Bg5 41. Re2 Be7 42. Re4 Bg5 43. Kg1 Bd5 44. Re5 Be6 45. Rb5 Bf4 46. Kf2 Bg5 47. Rb4 Be7 48. Re4 Bc5+ 49. Bd4 Bd6 50. Re3 Bf5 51. Rb3 Be6 52. Rb6 Be7 53. Be3 Bh4+ 54. g3 Bf6 55. h4 Be5 56. Rb5 Bf6 57. Ra5 Bc3 58. Ra4 Bf6 59. Bd4 Be7 60. Ra7 Bd6 61. Ra6 Bc7 62. Rc6 Bd8 63. Rc5 Be7 64. Ra5 Bd6 65. Rg5+ Kh7 66. Rxg7+ Kh6 67. Rg8 Be7 68. Rh8+ Kg6 69. Be3 Bf6 70. Rh6+ Kf5 71. Rxh5+ Kg4 72. Ra5 Be7 73. Ra4+ Kf5 74. g4+ Kg6 75. h5+ Kg7 76. Ra7 Bd6 77. Kf3 Kf6 78. Ra5 Kg7 79. Bd4+ Kh7 80. g5 Bd7 81. Ra6 Be7 82. Rh6+ Kg8 83. Rh8# 1-0


[Site "https://www.chess.com"]

[Event "Titled Tuesday Blitz March 21 Late 2023"]
[White "Castella Garcia, Fausto"]
[Black "Carbone, Diego"]
[WhiteFideId "3501922"]
[BlackFideId "3002179"]
[WhiteElo "2245"]
[BlackElo "2266"]
[Result "1/2-1/2"]
[Round "04"]
[TimeControl "180+2"]
[Date "2023.03.21"]
[WhiteClock "0:00:03"]
[BlackClock "0:00:05"]

1. e4 e5 2. Nf3 Nc6 3. Bb5 a6 4. Ba4 Nf6 5. d4 exd4 6. O-O b5 7. Bb3 d6 8. Ng5 Ne5 9. f4 Nc4 10. e5 Nd5 11. Qxd4 c6 12. Bxc4 bxc4 13. Qxc4 Qb6+ 14. Kh1 Qb5 15. Na3 Qxc4 16. Nxc4 dxe5 17. fxe5 Be6 18. Nxe6 fxe6 19. a3 Bc5 20. b4 Rf8 21. Bg5 Bd4 22. Rxf8+ Kxf8 23. Rf1+ Kg8 24. h4 h6 25. Bd2 c5 26. g4 cxb4 27. axb4 Rc8 28. Nd6 Rxc2 29. Be1 Bxe5 30. Nf7 Ne3 31. Rf3 Nxg4 32. Nxe5 Nxe5 33. Re3 Nf7 34. Rxe6 Rc1 35. Kg2 Kh7 36. Kf3 g5 37. h5 Kg7 38. Bd2 Rf1+ 39. Ke2 Rh1 40. Bc3+ Kf8 41. Rxa6 Rxh5 42. b5 Rh2+ 43. Kd3 Ke7 44. Ra7+ Ke6 45. b6 Ne5+ 46. Ke4 Re2+ 47. Kd4 Nc6+ 48. Kd3 Nxa7 49. Kxe2 Nc6 50. b7 Kf5 51. Kf3 h5 52. Kg3 Ke6 53. Bd2 Kf5 54. Ba5 h4+ 55. Kf3 g4+ 56. Kg2 Kg5 57. Bc7 Kh5 58. b8=Q Nxb8 59. Bxb8 Kg5 60. Bd6 h3+ 61. Kg3 Kf5 62. Bc5 h2 63. Kxh2 g3+ 64. Kxg3 1/2-1/2


[Site "https://www.chess.com"]

[Event "Titled Tuesday Blitz March 21 Late 2023"]
[White "angelgab3"]
[Black "Rosenberg, Evan S"]
[BlackFideId "2019299"]
[WhiteElo "2512"]
[BlackElo "2332"]
[Result "1-0"]
[Round "04"]
[TimeControl "180+2"]
[Date "2023.03.21"]
[WhiteClock "0:00:19"]
[BlackClock "0:00:18"]

1. e4 e5 2. Nf3 Nc6 3. Bb5 Nf6 4. d3 Ne7 5. O-O c6 6. Ba4 Ng6 7. Re1 Bc5 8. c3 O-O 9. d4 Bb6 10. h3 d6 11. Bc2 Re8 12. a4 a5 13. b3 Qc7 14. Nbd2 d5 15. dxe5 Nxe5 16. exd5 cxd5 17. Nxe5 Rxe5 18. Nf3 Rxe1+ 19. Qxe1 Be6 20. Bg5 Bxh3 21. Be3 Be6 22. Bxb6 Qxb6 23. Nd4 Re8 24. Qd2 h6 25. Re1 Qd8 26. f3 Bd7 27. Kf2 Rxe1 28. Qxe1 Nh5 29. Qe5 Qh4+ 30. Kg1 Nf6 31. Bf5 Bxf5 32. Nxf5 Qg5 33. g4 h5 34. Ne7+ Kh7 35. Qxg5 1-0


[Site "https://www.chess.com"]

[Event "Titled Tuesday Blitz March 21 Late 2023"]
[White "Miszler, Levente"]
[Black "Kalajzic, Ivan"]
[WhiteFideId "763276"]
[BlackFideId "14506378"]
[WhiteElo "2176"]
[BlackElo "2203"]
[Result "1-0"]
[Round "04"]
[TimeControl "180+2"]
[Date "2023.03.21"]
[WhiteClock "0:02:03"]
[BlackClock "0:01:09"]

1. Nf3 Nc6 2. c4 e5 3. Nc3 Bc5 4. e3 d6 5. d4 Bb4 6. Qb3 Nf6 7. a3 Bxc3+ 8. Qxc3 O-O 9. dxe5 dxe5 10. Nxe5 Ne4 11. Nxc6 Nxc3 12. Nxd8 Ne4 13. Nxf7 Rxf7 14. f3 Nc5 15. b4 Nb3 16. Rb1 Nxc1 17. Rxc1 a5 18. c5 Be6 19. Be2 axb4 20. axb4 Ra2 21. Kf2 Rd7 22. Rhd1 Rxd1 23. Rxd1 Bc4 24. Re1 Kf7 25. Kf1 Rxe2 26. Rxe2 Ke6 27. Kf2 Bxe2 28. Kxe2 Kd5 29. Kd3 1-0


[Site "https://www.chess.com"]

[Event "Titled Tuesday Blitz March 21 Late 2023"]
[White "Escanor89"]
[Black "Itkis, Boris"]
[BlackFideId "1209167"]
[WhiteElo "2497"]
[BlackElo "2216"]
[Result "1-0"]
[Round "04"]
[TimeControl "180+2"]
[Date "2023.03.21"]
[WhiteClock "0:00:18"]
[BlackClock "0:00:03"]

1. c4 c5 2. Nf3 Nf6 3. Nc3 g6 4. d4 cxd4 5. Nxd4 Bg7 6. e4 d6 7. Be2 O-O 8. O-O Nc6 9. Be3 Bd7 10. h3 Nxd4 11. Bxd4 Bc6 12. Qc2 a5 13. Rad1 Nd7 14. Bxg7 Kxg7 15. Bg4 Ne5 16. c5 h5 17. Be2 Rc8 18. f4 Nd7 19. cxd6 exd6 20. Rxd6 Qb6+ 21. Kh1 Rfd8 22. e5 Nc5 23. Rfd1 Ne6 24. f5 Rxd6 25. Rxd6 Nd4 26. f6+ Kg8 27. Qd2 Nf5 28. Bc4 Re8 29. e6 Nxd6 30. Qh6 Bxg2+ 31. Kh2 Nf5 32. exf7# 1-0


[Site "https://www.chess.com"]

[Event "Titled Tuesday Blitz March 21 Late 2023"]
[White "Roberson, Peter T"]
[Black "Stachanczyk, Jacek"]
[WhiteFideId "412384"]
[BlackFideId "1116657"]
[WhiteElo "2346"]
[BlackElo "2084"]
[Result "1/2-1/2"]
[Round "04"]
[TimeControl "180+2"]
[Date "2023.03.21"]
[WhiteClock "0:00:06"]
[BlackClock "0:00:11"]

1. Nf3 Nf6 2. g3 g6 3. Bg2 Bg7 4. O-O O-O 5. d3 d5 6. Nbd2 c5 7. e4 Nc6 8. Re1 e5 9. exd5 Nxd5 10. c3 Re8 11. a4 b6 12. Nc4 Bb7 13. Qb3 Qd7 14. Ng5 Rad8 15. Ne4 Ba8 16. Ned6 Re6 17. Bxd5 Rxd6 18. Nxd6 Qxd6 19. Bxf7+ Kh8 20. Bg5 Rf8 21. Bd5 Na5 22. Be7 Qxe7 23. Qa2 Nc6 24. Re2 Qf6 25. Rae1 h6 26. Qc4 Na5 27. Qe4 Bxd5 28. Qxd5 Nc6 29. h4 Kh7 30. Qe4 h5 31. Kg2 Qd6 32. Re3 Ne7 33. Rf3 Rxf3 34. Qxf3 Nf5 35. Re4 Qc6 36. Kh2 Qd5 37. Qe2 Nh6 38. f3 Nf5 39. Kg2 Qc6 40. Kh2 Bf6 41. f4 exf4 42. Rxf4 Nh6 43. Re4 Kg7 44. Re6 Qd5 45. Qe4 Ng4+ 46. Kg2 Qb3 47. Qe2 Qxa4 48. Re8 Qc6+ 49. Kg1 a5 50. Qe6 Qxe6 51. Rxe6 b5 52. Rc6 b4 53. Rxc5 bxc3 54. bxc3 a4 55. Ra5 Bxc3 56. Rxa4 Kf6 57. Kg2 Ne5 58. d4 Ng4 59. Kf3 Kf5 60. Rc4 Bb2 61. Rc5+ Kf6 62. Rc6+ Kf5 63. Rc5+ Kf6 64. Rc6+ Kf7 65. Ke4 Nf6+ 66. Ke5 Ng4+ 67. Kd5 Ne3+ 68. Ke4 Ng4 69. d5 Be5 70. Ra6 Bxg3 71. Ra7+ Kf6 72. Ra6+ Kf7 73. Ra7+ Kf8 74. Ra8+ Ke7 75. Ra7+ Ke8 76. Ra8+ Kd7 77. Ra7+ Bc7 78. Ra6 Bd6 79. Ra7+ Ke8 80. Ra6 Ke7 81. Ra7+ Kf6 82. Ra6 Ke7 83. Ra7+ Kf6 84. Ra6 Ke7 1/2-1/2


[Site "https://www.chess.com"]

[Event "Titled Tuesday Blitz March 21 Late 2023"]
[White "Sztokbant, Bernardo Vainzoff"]
[Black "Sarkar, Justin"]
[WhiteFideId "2115956"]
[BlackFideId "2010011"]
[WhiteElo "2222"]
[BlackElo "2189"]
[Result "1-0"]
[Round "04"]
[TimeControl "180+2"]
[Date "2023.03.21"]
[WhiteClock "0:01:55"]
[BlackClock "0:00:01"]

1. e4 e5 2. f4 exf4 3. Nf3 Be7 4. Bc4 Bh4+ 5. Kf1 d5 6. Bxd5 Nf6 7. Bb3 Bg4 8. Nc3 O-O 9. d3 Nc6 10. Ne2 Bxf3 11. gxf3 g5 12. Rg1 Kh8 13. d4 Qd7 14. Kg2 Rad8 15. c3 Rg8 16. Kh1 Qh3 17. Qf1 Qxf1 18. Rxf1 Rg7 19. e5 Nd5 20. Bd2 Nce7 21. Bc2 Ne3 22. Bxe3 fxe3 23. Ng3 h6 24. Nh5 1-0


[Site "https://www.chess.com"]

[Event "Titled Tuesday Blitz March 21 Late 2023"]
[White "Kashefi, Amir Hosein"]
[Black "sebastianmarinp"]
[WhiteFideId "12557935"]
[WhiteElo "2078"]
[BlackElo "2314"]
[Result "1-0"]
[Round "04"]
[TimeControl "180+2"]
[Date "2023.03.21"]
[WhiteClock "0:01:25"]
[BlackClock "0:00:05"]

1. d4 Nf6 2. Nf3 e6 3. g3 b5 4. Bg2 Bb7 5. a4 b4 6. Bg5 h6 7. Bxf6 Qxf6 8. O-O c5 9. c3 a5 10. Nbd2 Nc6 11. e3 cxd4 12. exd4 Be7 13. Ne4 Qg6 14. Re1 d5 15. Ned2 O-O 16. h4 Ba6 17. Nh2 Bd3 18. Bf1 Rab8 19. Bxd3 Qxd3 20. Re3 Qg6 21. c4 dxc4 22. Nxc4 Rfd8 23. Nf3 Bf6 24. Rd3 e5 25. h5 Qxh5 26. Nfxe5 Qxd1+ 27. Raxd1 Bxe5 28. dxe5 Rxd3 29. Rxd3 Re8 30. f4 f6 31. Rd6 Nb8 32. e6 1-0


[Site "https://www.chess.com"]

[Event "Titled Tuesday Blitz March 21 Late 2023"]
[White "Jiganchine, Roman"]
[Black "Becerra, Juan David"]
[WhiteFideId "2603667"]
[BlackFideId "4404998"]
[WhiteElo "2312"]
[BlackElo "2282"]
[Result "0-1"]
[Round "04"]
[TimeControl "180+2"]
[Date "2023.03.21"]
[WhiteClock "0:00:10"]
[BlackClock "0:00:35"]

1. e4 c5 2. Nf3 d6 3. Bb5+ Nc6 4. O-O Bd7 5. c3 a6 6. Bxc6 Bxc6 7. Re1 g6 8. d4 Bg7 9. a4 Nf6 10. d5 Bd7 11. h3 O-O 12. a5 Ne8 13. Nbd2 e6 14. Nc4 e5 15. Nb6 Rb8 16. b4 cxb4 17. cxb4 Bb5 18. Be3 h6 19. Nd2 f5 20. f3 Nf6 21. Qb3 Kh7 22. Rac1 fxe4 23. fxe4 Nh5 24. Nf3 Rxf3 25. gxf3 Qh4 26. Qb2 Qxh3 27. Qg2 Qh4 28. Bf2 Qf6 29. Bg3 Rf8 30. Rc7 Qxf3 31. Qxf3 Rxf3 32. Bh2 g5 33. Nc8 g4 34. Nxd6 Bd3 35. Nf5 g3 36. Kg2 Rf2+ 37. Kg1 Rxh2 38. Nxg3 Rh4 39. Nf5 Rg4+ 40. Kf2 Bxe4 41. Nxg7 Nxg7 42. Rg1 Rxg1 43. Kxg1 Bxd5 44. Re7 e4 45. Re5 Bc6 46. b5 Bxb5 47. Rxe4 Bc6 48. Re7 Kg6 49. Kf2 Nf5 50. Rc7 Nd4 51. Ke3 Nb3 52. Re7 Nxa5 53. Kf4 Nc4 54. Re6+ Kg7 55. Re7+ Kf6 56. Rh7 Ke6 57. Rxh6+ Kd5 58. Rh4 Kd4 59. Kf5+ Kc3 60. Ke6 a5 61. Ke7 a4 62. Kd8 a3 63. Kc7 a2 64. Rh2 a1=Q 0-1


[Site "https://www.chess.com"]

[Event "Titled Tuesday Blitz March 21 Late 2023"]
[White "MunichMouse"]
[Black "Bruedigam, Martin"]
[BlackFideId "24608033"]
[WhiteElo "2308"]
[BlackElo "2331"]
[Result "1-0"]
[Round "04"]
[TimeControl "180+2"]
[Date "2023.03.21"]
[WhiteClock "0:00:15"]
[BlackClock "0:00:02"]

1. d4 Nf6 2. c4 e6 3. Nf3 a6 4. g3 b5 5. Bg2 Bb7 6. b3 c5 7. O-O Qb6 8. Bb2 bxc4 9. Na3 cxb3 10. Nc4 Qa7 11. Na5 Bd5 12. axb3 Nc6 13. Nxc6 Bxc6 14. Ne5 Bxg2 15. Kxg2 cxd4 16. Bxd4 Qb7+ 17. f3 Be7 18. Qd3 O-O 19. e4 d5 20. Rfe1 dxe4 21. fxe4 Rfd8 22. Qe3 Rab8 23. Rab1 Nd7 24. Nc4 Rbc8 25. Kh3 Bc5 26. e5 Bxd4 27. Qxd4 Nf8 28. Nd6 Qf3 29. Rf1 Qh5+ 30. Qh4 Qxh4+ 31. Kxh4 Rc7 32. Nc4 Ng6+ 33. Kh3 h6 34. Ra1 Rc6 35. Rfd1 Rb8 36. Ra3 Ne7 37. Rd6 Rbc8 38. Rxa6 Rxa6 39. Rxa6 Rb8 40. Ra7 Nd5 41. Na5 h5 42. Rb7 Rxb7 43. Nxb7 Nb4 44. Nc5 Kf8 45. Kg2 Ke7 46. Kf3 f6 47. Ke4 Nc6 48. Nd3 f5+ 49. Kf4 Nd4 50. b4 Kd7 51. Kg5 Kc6 52. Kxh5 Nf3 53. Kg6 Nxh2 54. Kf7 Kd5 55. b5 Nf3 56. b6 Kc6 57. Kxe6 Kxb6 58. Kxf5 Kc6 59. Kg6 Kd5 60. Kxg7 Nxe5 61. Nxe5 Kxe5 62. Kg6 Ke6 63. g4 Ke7 64. Kg7 1-0


[Site "https://www.chess.com"]

[Event "Titled Tuesday Blitz March 21 Late 2023"]
[White "Storn, Justin"]
[Black "Zirkelbach, Maj"]
[WhiteFideId "30922720"]
[BlackFideId "14613395"]
[WhiteElo "2303"]
[BlackElo "2138"]
[Result "1-0"]
[Round "04"]
[TimeControl "180+2"]
[Date "2023.03.21"]
[WhiteClock "0:00:15"]
[BlackClock "0:00:16"]

1. d4 Nf6 2. Bd2 d5 3. Bf4 e6 4. h3 c5 5. e3 Nc6 6. c3 Bd6 7. Bxd6 Qxd6 8. f4 Ne4 9. Qf3 cxd4 10. exd4 Nxd4 11. Qd3 Nf5 12. Ne2 h5 13. Nd2 Nf6 14. O-O-O Bd7 15. Nf3 Ne4 16. Ne5 Nf2 17. Qf3 Nxh1 18. g4 hxg4 19. hxg4 Ne7 20. Nd4 a6 21. Bg2 Nc6 22. Bxh1 Nxe5 23. fxe5 Qxe5 24. Qf2 Qg5+ 25. Kb1 f6 26. Re1 e5 27. Nf5 Bxf5+ 28. gxf5 O-O-O 29. c4 e4 30. cxd5 Rxd5 31. Qa7 Rhd8 32. Rc1+ Kd7 33. Bxe4 Rb5 34. Rd1+ Ke7 35. Rxd8 Kxd8 36. Qd4+ Ke7 37. a4 Qf4 38. axb5 Qf1+ 39. Ka2 Qxb5 40. Qd5 Qxd5+ 41. Bxd5 b6 42. Bb7 a5 43. Kb3 Kd6 44. Kc4 Ke5 45. Bc8 Kd6 46. Kb5 Kc7 47. Be6 Kb7 48. Bd5+ Kc7 49. Be4 a4 50. Kxa4 Kd6 51. Kb5 Kc7 52. Bc2 Kd6 53. Kxb6 Kd5 54. Ka5 Kc4 55. b4 Kd5 56. Ba4 Ke5 57. Bd7 Kd6 58. Be6 g5 59. fxg6 Kxe6 60. b5 f5 61. b6 f4 62. b7 f3 63. b8=Q f2 64. Qb1 Kf6 65. Qf1 Kxg6 66. Qxf2 Kg5 67. Kb5 Kg4 68. Kc5 Kh3 69. Kd5 Kg4 70. Ke5 Kh3 71. Qg1 Kh4 72. Kf4 Kh3 73. Qg3# 1-0


[Site "https://www.chess.com"]